 Dungeon Crawl Stone Soup version 0.21.1-1-g345015fe64 (webtiles) character file.

258852 dracomuter the Warrior (level 18, -2/168 HPs)
             Began as a Demigod Conjurer on July 3, 2018.
             Slain by a large abomination (22 damage)
             ... on level 2 of the Abyss on July 5, 2018.
             The game lasted 05:45:03 (77506 turns).

dracomuter the Warrior (Demigod Conjurer)          Turns: 77506, Time: 05:45:03

Health: -2/168     AC: 20    Str: 15      XL:     18   Next: 80%
Magic:  34/39      EV: 11    Int: 31      God:
Gold:   2380       SH:  0    Dex: 15 (16) Spells: 1/41 levels left

rFire    . . .     SeeInvis +   a - +1 war axe (venom)
rCold    . . .     Gourm    .   s - +3 buckler "Xavadet" {Str+4 SInv}
rNeg     . . .     Faith    .   E - +3 ring mail {rPois}
rPois    +         Spirit   .   e - +2 hat
rElec    .         Reflect  .   y - +2 cloak
rCorr    .         Harm     .   F - +1 pair of gloves
MR       ++...                  (no boots)
Stlth    ..........             v - amulet of magic regeneration
HPRegen  0.38/turn              P - +3 ring of protection
MPRegen  0.51/turn              w - ring of protection from magic

@: confused, about to teleport, studying Fire Magic
A: high mp 1
}: 1/15 runes: gossamer
a: no special abilities


You were on level 2 of the Abyss.
You were not hungry.

You visited 7 branches of the dungeon, and saw 32 of its levels.
You visited the Abyss 1 time.
You also visited: Labyrinth, Ossuary and Ice Cave.

You collected 3260 gold pieces.
You spent 880 gold pieces at shops.

Inventory:

Hand Weapons
 a - a +1 war axe of venom (weapon)
 b - the +6 hand crossbow "Debrol" {freeze, rC+ Str-3 Stlth+}
   (You bought it in a shop on level 15 of the Dungeon)

   It causes projectiles fired from it to freeze those they strike, causing
   extra injury to most foes and up to half again as much damage against
   particularly susceptible opponents.
   They can also slow down cold-blooded creatures.
   It affects your strength (-3).
   It protects you from cold.
   It makes you more stealthy.
 N - a +1 broad axe of freezing
Missiles
 k - 6 throwing nets
 n - 14 javelins (quivered)
 p - 605 bolts
Armour
 e - a +2 hat (worn)
 s - the +3 buckler "Xavadet" (worn) {Str+4 SInv}
   (You found it on level 12 of the Dungeon)

   It affects your strength (+4).
   It lets you see invisible.
 y - a +2 cloak (worn)
 E - a +3 ring mail of poison resistance (worn)
 F - a +1 pair of gloves (worn)
Jewellery
 v - an amulet of magic regeneration (around neck)
 w - a ring of protection from magic (right hand)
 x - an uncursed ring of protection from cold
 J - an uncursed ring of positive energy
 K - an uncursed ring of resist corrosion
 L - an uncursed ring of fire
 P - a +3 ring of protection (left hand)
 Y - a +5 ring of intelligence
Wands
 o - a wand of digging (3)
 u - a wand of paralysis (5)
 I - a wand of acid (28)
 R - a wand of iceblast (6)
Scrolls
 f - 12 scrolls of remove curse
 g - 4 scrolls of teleportation
 l - 3 scrolls of fear
 t - 2 scrolls of amnesia
 A - 2 scrolls of identify
 B - a scroll of silence
 S - 4 scrolls of fog
 W - 2 scrolls of magic mapping
Potions
 m - 8 potions of mutation
 q - 4 potions of curing
 r - 3 potions of cancellation
 z - 3 potions of lignification
 C - 3 potions of resistance
 D - 4 potions of haste
 H - 5 potions of ambrosia
 O - 6 potions of brilliance
 V - 6 potions of flight
 Z - 3 potions of might
Books
 d - a book of Power

   Spells                             Type                      Level
   a - Iskenderun's Battlesphere      Conjuration/Charms           5
   b - Venom Bolt                     Conjuration/Poison           5
   c - Bolt of Magma                  Conjuration/Fire/Earth       5
   d - Iron Shot                      Conjuration/Earth            6
   e - Orb of Destruction             Conjuration                  7
   f - Spellforged Servitor           Conjuration/Summoning        7
 i - a manual of Fire Magic
Miscellaneous
 h - a phantom mirror
 j - a lamp of fire
 T - a sack of spiders
 X - a lightning rod (4/4)
Comestibles
 c - 25 rations
 M - 2 chunks of flesh


   Skills:
 + Level 16.6 Fighting
 - Level 15.0 Axes
 - Level 6.0 Crossbows
 - Level 9.3 Armour
 - Level 1.7 Dodging
 - Level 1.7 Stealth
 - Level 4.2 Shields
 - Level 12.0 Spellcasting
 + Level 11.5 Conjurations
 - Level 5.0 Hexes
 + Level 11.3 Fire Magic
 - Level 6.0 Air Magic
 - Level 8.0 Evocations


You had one spell level left.
You knew the following spells:

 Your Spells              Type           Power        Failure   Level  Hunger
a - Magic Dart            Conj           ####         1%          1    None
b - Apportation           Tloc           ###...       4%          1    None
c - Confuse               Hex            #####...     1%          3    None
d - Tukima's Dance        Hex            #####...     1%          3    None
e - Sticky Flame          Conj/Fire      ######..     1%          4    None
f - Fireball              Conj/Fire      ######....   1%          5    ##.....
g - Airstrike             Air            ######....   3%          4    None
h - Iskenderun's Mystic   Conj           ######..     1%          4    None
i - Throw Icicle          Conj/Ice       ######..     4%          4    None
j - Regeneration          Chrm/Necr      ###.......   14%         3    None
k - Animate Skeleton      Necr           N/A          4%          1    None
l - Orb of Destruction    Conj           ######....   34%         7    ######.


Dungeon Overview and Level Annotations

Branches:
Dungeon (15/15)            Temple (1/1) D:4            Lair (6/6) D:8
  Swamp (1/4) Lair:4       Spider (4/4) Lair:4        Slime (0/5) Lair:5
    Orc (2/2) D:10            Elf (0/3) Orc:2        Vaults (3/5) D:13
 Depths (0/5) D:15
  Crypt: Vaults:2-3

Shops:
D:15 (   Orc:2 [[((

Portals:
Trove: Vaults:2 (give 22 scrolls of identify)

Annotations:
D:3 tidbits's ghost, weakling GnNe
D:10 Evaline's ghost, journeyman FoFi
Swamp:1 Nikola
Spider:4 AAA992's ghost, adept MiMo


Innate Abilities, Weirdness & Mutations

You have an increased reservoir of magic. (+10% MP)


Message History

You shrug off the repeated paralysis!
You can move again.
As you read the scroll of teleportation, it crumbles to dust.
You feel strangely unstable.
You feel the power of the Abyss delaying your translocation!
You block the large abomination's attack.
You are confused.
You feel invigorated. The large abomination hits you!!
* * * LOW HITPOINT WARNING * * *
A starcursed mass splits.
You bump into the stone wall.
The large abomination hits you!
* * * LOW HITPOINT WARNING * * *
You bump into the crystal wall.
The large abomination closely misses you.
You're too confused to move!
The large abomination hits you!!
* * * LOW HITPOINT WARNING * * *
You closely miss the large abomination.
The large abomination is moderately damaged.
The large abomination hits you!!
You die...

## ##.# . #
. ### . . .
. ... .. . #
## # # .# .
.# ##. .#.
#.#. . .####
#.#.##...#
#..# ##..##
#
#@##.......
. ##XXXX....
. ....
###X...... .
. #........
.. #.....# .
. ....# . .
#.
............
.. .X##.
#..# . #. .
.


You could see 4 starcursed masses and a large abomination.

Vanquished Creatures
  Xtahua (Vaults:2)
  Arachne (Spider:2)
  Gastronok (Lair:2)
  Frances (D:13)
  Kirke (Spider:1)
  Agnes (Lair:4)
  An orc warlord (Orc:1)
  5 ghost moths
  Louise (Spider:1)
  8 vault wardens
  A frost giant (IceCv)
  A ghoul (D:14)
  3 emperor scorpions
  7 ironheart preservers
  3 entropy weavers
  4 stone giants
  A deep elf annihilator (Vaults:1)
  Azrael (Orc:2)
  2 spark wasps
  2 ettins
  A minotaur (Lab)
  An ice dragon (D:11)
  6 yaktaur captains
  Josephine (Lair:4)
  4 great orbs of eyes
  Fannar (Orc:1)
  10 vault guards
  8 centaur warriors
  6 hydras
  2 rakshasas
  4 catoblepae
  8 ogre magi
  2 death knights
  38 two-headed ogres
  A deep troll earth mage (Vaults:1)
  3 orc high priests (Orc:2)
  18 death yaks
  2 tengu warriors
  4 deep elf knights
  Nergalle (D:9)
  A skeletal warrior (D:14)
  2 deep trolls (Vaults:1)
  4 unseen horrors
  3 wizards
  A glowing orange brain (Vaults:2)
  8 orc knights
  Pikel (D:7)
  A swamp dragon (Swamp:1)
  A phantasmal warrior (Vaults:2)
  6 deep elf magi
  6 ironbrand convokers
  5 deep elf archers
  11 orb spiders
  29 wolf spiders
  3 harpies (Vaults:3)
  6 orc sorcerers
  An oklob plant (Lair:5)
  5 manticores
  10 cyclopes
  17 ugly things
  7 elephants
  4 moths of wrath
  9 vault sentinels
  The ghost of Linguinho the Chopper, a novice MiBe of Trog (D:5)
  Psyche (D:11)
  5 black mambas
  Maurice (Orc:2)
  2 ice statues (IceCv)
  3 torpor snails
  2 gargoyles
  7 spiny frogs
  14 yaktaurs
  4 centaur skeletons
  2 rime drakes
  2 kobold demonologists (D:15)
  20 demonic crawlers
  10 komodo dragons
  8 freezing wraiths
  8 trolls
  A merfolk (shapeshifter) (Vaults:2)
  A queen bee (D:8)
  30 jumping spiders
  13 polar bears
  A tyrant leech (Swamp:1)
  8 hornets
  11 hippogriffs
  18 blink frogs
  31 slime creatures
  A blink frog (shapeshifter) (Vaults:3)
  The ghost of flt the Vexing, an amateur DsEn of Cheibriados (D:4)
  2 meliai zombies
  A black mamba zombie (Abyss:2)
  2 shadows
  96 redbacks
  2 vampires
  Sigmund (D:5)
  38 tarantellas
  2 wyverns
  7 wraiths
  72 yaks
  5 hungry ghosts
  2 humans (D:13)
  2 fire elementals
  Eustachio (D:5)
  6 basilisks
  A small abomination (Abyss:2)
  A redback simulacrum (D:15)
  5 wargs
  6 swamp worms (Lair:4)
  2 hell hounds (Orc:2)
  A soldier ant (D:11)
  Duvessa (D:4)
  8 water moccasins
  A floating eye (shapeshifter) (Vaults:1)
  7 porcupines
  A swamp drake (Swamp:1)
  4 ice beasts
  3 phantoms
  3 sky beasts
  2 slaves (D:7)
  4 black bears
  3 necrophages (D:13)
  40 orc warriors
  30 ogres
  7 boggarts
  21 centaurs
  16 wolves
  12 crocodiles
  A big kobold (D:11)
  13 bullfrogs
  An earth elemental (Lab)
  Dowan (D:4)
  3 wyvern zombies
  11 scorpions
  22 killer bees
  5 wights (D:12)
  4 electric eels
  6 howler monkeys
  A human simulacrum (Vaults:1)
  7 crimson imps
  6 centaur zombies
  8 hounds
  4 jellies
  2 quasits
  3 human zombies (Ossuary)
  A bullfrog zombie (D:6)
  2 gnoll shamans
  24 orc priests
  22 orc wizards
  2 bullfrog skeletons
  An iguana (D:10)
  Ijyb (D:2)
  16 worker ants
  2 big kobold zombies (Ossuary)
  A hound skeleton (D:4)
  4 mummies
  10 gnolls
  15 adders
  4 scorpion zombies (Ossuary)
  2 shadow imps
  An ooze (D:1)
  An adder skeleton (D:4)
  3 worms (D:2)
  4 leopard geckos
  115 orcs
  4 giant cockroaches
  A gnoll zombie (Ossuary)
  8 goblins
  4 hobgoblins
  5 jackals
  8 quokkas
  A ball python (D:1)
  9 bats
  7 frilled lizards
  A goblin zombie (Ossuary)
  A hobgoblin zombie (Ossuary)
  10 kobolds
  A leopard gecko zombie (D:7)
  5 rats
  3 rat zombies (D:7)
  A fungus (Lair:6)
1330 creatures vanquished.

Vanquished Creatures (collateral kills)
  Mara (Spider:3)
  A vault guard (Vaults:2)
2 creatures vanquished.

Vanquished Creatures (others)
  3 death yaks
  A wolf spider (Spider:4)
  A spiny frog (Swamp:1)
  2 polar bears (IceCv)
  12 yaks
  An orc warrior (D:11)
  A sky beast (D:12)
  An ice beast (D:10)
  3 wolves
  A centaur (D:12)
  A crocodile (Lair:2)
  2 scorpions
  A killer bee (D:10)
  A human zombie (Ossuary)
  A hound (D:6)
  A bullfrog skeleton (D:11)
  A big kobold zombie (Ossuary)
  A mummy (Ossuary)
  A gnoll (D:10)
  An adder (D:11)
  A shadow imp (D:11)
  12 fungi
  21 plants
  4 withered plants (D:14)
75 creatures vanquished.

Grand Total: 1407 creatures vanquished

Notes
Turn   | Place    | Note
-------+----------+-------------------------------------------
     0 | D:1      | dracomuter the Demigod Conjurer began the quest for the Orb.
     0 | D:1      | Reached XP level 1. HP: 14/14 MP: 5/5
   316 | D:1      | Reached XP level 2. HP: 22/22 MP: 4/7
   967 | D:2      | Found a radiant altar of Vehumet.
  1061 | D:2      | Reached skill level 1 in Fighting
  1061 | D:2      | Reached XP level 3. HP: 28/28 MP: 4/8
  1196 | D:2      | Found a sacrificial altar of Ru.
  2324 | D:3      | Reached XP level 4. HP: 35/35 MP: 5/10
  2335 | D:2      | Learned a level 4 spell: Iskenderun's Mystic Blast
  2400 | D:3      | Noticed tidbits's ghost (weakling GnNe)
  2674 | D:3      | Noticed Ijyb
  2795 | D:2      | Killed Ijyb
  3483 | D:4      | Reached skill level 2 in Fighting
  3483 | D:4      | Reached skill level 5 in Conjurations
  3483 | D:4      | Reached XP level 5. HP: 41/41 MP: 7/12
  3523 | D:4      | Noticed an ogre
  3531 | D:4      | Killed an ogre
  3681 | D:4      | Found a staircase to the Ecumenical Temple.
  3720 | D:4      | Noticed flt's ghost (amateur DsEn)
  3767 | Temple   | Entered the Ecumenical Temple
  3928 | D:4      | Killed flt's ghost
  3928 | D:4      | Reached XP level 6. HP: 44/50 MP: 7/14
  4001 | D:4      | Noticed Duvessa
  4001 | D:4      | Noticed Dowan
  4010 | D:4      | Killed Duvessa
  4010 | D:4      | Reached skill level 3 in Fighting
  4016 | D:4      | Killed Dowan
  4088 | D:4      | Reached XP level 7. HP: 46/57 MP: 2/15
  4533 | D:4      | Found a glowing golden altar of the Shining One.
  4669 | D:4      | Reached skill level 1 in Shields
  4777 | D:5      | Entered Level 5 of the Dungeon
  4785 | D:5      | Noticed Eustachio
  4803 | D:5      | Killed Eustachio
  4803 | D:5      | Reached skill level 4 in Fighting
  5002 | D:5      | Noticed Sigmund
  5007 | D:5      | Killed Sigmund
  5007 | D:5      | Reached XP level 8. HP: 66/66 MP: 8/18
  5031 | D:5      | Noticed Linguinho's ghost (novice MiBe)
  5140 | D:5      | Found a glowing silver altar of Zin.
  5324 | D:5      | Killed Linguinho's ghost
  5529 | D:6      | Reached skill level 5 in Spellcasting
  5665 | D:6      | Reached skill level 5 in Fighting
  5709 | D:6      | Learned a level 3 spell: Confuse
  5713 | D:6      | Learned a level 3 spell: Tukima's Dance
  6370 | D:6      | Found a burning altar of Makhleb.
  6382 | D:6      | Found a deep blue altar of Sif Muna.
  6999 | D:7      | Noticed Pikel
  7263 | D:7      | Killed Pikel
  7263 | D:7      | Reached XP level 9. HP: 56/75 MP: 0/21
  7377 | D:7      | Learned a level 1 spell: Animate Skeleton
  7509 | D:7      | Found a hazy altar of Hepliaklqana.
  7734 | D:7      | Found a snail-covered altar of Cheibriados.
  7746 | D:7      | Found a white marble altar of Elyvilon.
  7868 | D:7      | Found an ancient bone altar of Kikubaaqudgha.
  8008 | D:8      | Found a sand-covered staircase.
  8016 | Ossuary  | Entered an ossuary
  8040 | Ossuary  | Reached skill level 6 in Fighting
  8856 | D:8      | Noticed a death yak
  8857 | D:8      | Noticed a death yak
  8883 | D:8      | Banished a death yak
  9720 | D:8      | Reached skill level 7 in Fighting
  9818 | D:8      | Reached XP level 10. HP: 86/86 MP: 12/24
 10085 | D:8      | Noticed a death yak
 10085 | D:8      | Noticed a death yak
 10085 | D:8      | Noticed a death yak
 10086 | D:8      | Noticed a death yak
 10114 | D:7      | Killed a death yak
 10209 | D:8      | Found a staircase to the Lair.
 10309 | D:7      | Killed a death yak
 10390 | D:7      | Killed a death yak
 10506 | D:8      | Noticed a death yak
 10539 | D:7      | Banished a death yak
 10539 | D:7      | Reached skill level 8 in Fighting
 10684 | D:8      | Killed a death yak
 10781 | D:7      | Killed a death yak
 11430 | D:8      | Found a staircase to the Lair.
 11792 | D:9      | Noticed a two-headed ogre
 11798 | D:9      | Killed a two-headed ogre
 11798 | D:9      | Reached XP level 11. HP: 95/95 MP: 4/27
 12029 | D:9      | Reached skill level 5 in Hexes
 12340 | D:9      | Reached skill level 9 in Fighting
 13114 | D:10     | Entered Level 10 of the Dungeon
 13114 | D:10     | Noticed a two-headed ogre
 13143 | D:9      | Killed a two-headed ogre
 13492 | D:10     | Noticed Nergalle
 13900 | D:9      | Killed Nergalle
 14185 | D:10     | Reached skill level 10 in Fighting
 14237 | D:10     | Found a staircase to the Orcish Mines.
 14425 | D:10     | Found a roughly hewn altar of Beogh.
 14951 | D:11     | Noticed Psyche
 14956 | D:11     | Killed Psyche
 14967 | D:11     | Found a frozen archway.
 14975 | D:11     | Noticed an ice dragon
 15203 | D:11     | Reached skill level 10 in Spellcasting
 15522 | D:11     | Killed an ice dragon
 15531 | IceCv    | Entered an ice cave
 15817 | IceCv    | Reached skill level 11 in Fighting
 16045 | IceCv    | Reached XP level 12. HP: 110/110 MP: 21/30
 16671 | IceCv    | Reached skill level 1 in Armour
 16838 | IceCv    | Noticed a frost giant
 16926 | IceCv    | HP: 5/112 [frost giant/battleaxe of freezing (1)]
 16928 | IceCv    | Killed a frost giant
 16928 | IceCv    | Reached skill level 12 in Fighting
 17531 | IceCv    | Got a faintly glowing great mace
 18669 | D:11     | Found a blossoming altar of Fedhas.
 19084 | D:12     | Got a steaming buckler
 19095 | D:12     | Identified the +3 buckler "Xavadet" {Str+4 SInv} (You found it on level 12 of the Dungeon)
 20017 | D:12     | Reached skill level 10 in Conjurations
 20718 | Lair:1   | Entered Level 1 of the Lair of Beasts
 20860 | Lair:1   | Noticed a six-headed hydra
 20875 | D:8      | Killed an eight-headed hydra
 20875 | D:8      | Reached skill level 5 in Armour
 20946 | D:8      | Reached XP level 13. HP: 99/119 MP: 10/31
 21815 | Lair:1   | Learned a level 1 spell: Apportation
 22210 | Lair:2   | Noticed Gastronok
 22277 | Lair:2   | Killed Gastronok
 22277 | Lair:2   | Reached skill level 13 in Fighting
 25260 | Lair:3   | Reached skill level 1 in Evocations
 25526 | Lair:4   | Found a hole to the Spider Nest.
 25570 | Lair:4   | Learned a level 5 spell: Lightning Bolt
 25575 | Lair:4   | Learned a level 4 spell: Airstrike
 25682 | Lair:4   | Noticed Josephine
 26024 | Lair:3   | Reached skill level 1 in Air Magic
 26672 | Lair:4   | Killed Josephine
 26822 | Lair:4   | Found a staircase to the Swamp.
 27991 | Lair:5   | Found a viscous altar of Jiyva.
 27991 | Lair:5   | Found a staircase to the Slime Pits.
 28829 | Lair:6   | Entered Level 6 of the Lair of Beasts
 29238 | Lair:5   | Reached XP level 14. HP: 103/130 MP: 1/33
 30249 | Lair:5   | Reached skill level 5 in Air Magic
 31754 | Lair:5   | Reached skill level 14 in Fighting
 32541 | Lair:6   | Reached skill level 5 in Evocations
 33419 | Orc:1    | Entered Level 1 of the Orcish Mines
 33609 | Orc:2    | Entered Level 2 of the Orcish Mines
 33957 | Orc:2    | Found a roughly hewn altar of Beogh.
 34514 | Orc:1    | Found a roughly hewn altar of Beogh.
 34514 | Orc:1    | Noticed Fannar
 34678 | Orc:1    | Killed Fannar
 34895 | Orc:2    | Found a roughly hewn altar of Beogh.
 35008 | Orc:2    | Found Hiolesud's Armour Shop.
 35213 | Orc:2    | Noticed an orc warlord
 35672 | Orc:1    | Killed an orc warlord
 35859 | Orc:2    | Noticed Maurice
 35944 | Orc:2    | Killed Maurice
 35983 | Orc:2    | Noticed Azrael
 36217 | Orc:2    | Killed Azrael
 36520 | Orc:2    | Found Hetsigiu's Antique Armour Emporium.
 36521 | Orc:2    | Found a roughly hewn altar of Beogh.
 36524 | Orc:2    | Found Vuny's Antique Weapon Shoppe.
 36580 | Orc:2    | Found a staircase to the Elven Halls.
 36633 | Orc:2    | Found a roughly hewn altar of Beogh.
 36657 | Orc:2    | Found a roughly hewn altar of Beogh.
 36944 | Orc:2    | Found a roughly hewn altar of Beogh.
 37290 | Orc:2    | Found a roughly hewn altar of Beogh.
 37359 | Orc:2    | Found Joazumah's Antique Weapon Shoppe.
 37364 | Orc:2    | Bought a dazzling long sword for 306 gold pieces
 37574 | Orc:2    | Bought a runed chain mail for 187 gold pieces
 37574 | Orc:2    | Bought a glowing scale mail for 175 gold pieces
 37798 | D:13     | Noticed Frances
 37813 | D:12     | Reached XP level 15. HP: 118/139 MP: 12/35
 38107 | D:13     | Killed Frances
 39852 | D:13     | Found a gate to the Vaults.
 40229 | D:14     | Found a labyrinth entrance.
 40235 | Lab      | Entered a labyrinth
 40409 | Lab      | Reached skill level 15 in Fighting
 41956 | D:14     | Reached skill level 1 in Axes
 42940 | D:14     | Found a glowing silver altar of Zin.
 43070 | D:14     | Learned a level 4 spell: Throw Icicle
 43371 | D:15     | Entered Level 15 of the Dungeon
 43843 | D:15     | Found Enoczes's Antique Weapon Shoppe.
 43848 | D:15     | Bought a scorched hand crossbow for 212 gold pieces
 43862 | D:15     | Identified the +6 hand crossbow "Debrol" {freeze, rC+ Str-3 Stlth+} (You bought it in a shop on level 15 of the Dungeon)
 43934 | D:15     | Reached skill level 1 in Crossbows
 44420 | D:15     | Identified the +12 long sword of Heuci {venom, Str+4} (You bought it in a shop on level 2 of the Orcish Mines)
 44966 | D:15     | Reached skill level 5 in Axes
 45049 | D:15     | Found a runed door.
 45080 | D:15     | Learned a level 4 spell: Sticky Flame
 45086 | D:15     | Learned a level 5 spell: Fireball
 45096 | D:15     | Learned a level 3 spell: Regeneration
 45443 | D:15     | Found a staircase to the Depths.
 45797 | D:10     | Noticed Evaline's ghost (journeyman FoFi)
 45960 | Spider:1 | Entered Level 1 of the Spider Nest
 45997 | Spider:1 | Noticed Agnes
 46037 | Lair:4   | Killed Agnes
 46324 | Spider:1 | Noticed Louise
 46361 | Spider:1 | Killed Louise
 46366 | Spider:1 | Got a faintly glowing large shield
 46631 | Spider:1 | Reached XP level 16. HP: 96/149 MP: 21/37
 46920 | Spider:1 | Identified a scroll of acquirement
 47751 | Spider:1 | Noticed Kirke
 47756 | Spider:1 | Killed Kirke
 47756 | Spider:1 | Reached skill level 5 in Crossbows
 49682 | Spider:2 | Identified the +1 large shield of the Dragon {rN+ Str+2} (You took it off Louise on level 1 of the Spider Nest)
 50881 | Spider:2 | Got a spiked ring mail
 51386 | Spider:3 | Noticed Mara
 51560 | Spider:3 | Noticed dracomuter's illusion
 51744 | Spider:3 | Noticed Arachne
 52377 | Spider:2 | Killed Arachne
 52930 | Spider:3 | Identified the cursed +0 ring mail of Tenacity {rC+ Slay+3 Stlth+} (You found it on level 2 of the Spider Nest)
 53228 | Spider:4 | Entered Level 4 of the Spider Nest
 53665 | Spider:3 | Killed Mara
 53665 | Spider:3 | Reached skill level 10 in Axes
 54137 | Spider:4 | Noticed AAA992's ghost (adept MiMo)
 59365 | Spider:3 | Reached XP level 17. HP: 146/156 MP: 38/38
 59556 | Spider:4 | Reached skill level 1 in Fire Magic
 62025 | Spider:4 | Reached skill level 5 in Fire Magic
 62600 | Spider:4 | Got a gossamer rune of Zot
 62885 | Swamp:1  | Entered Level 1 of the Swamp
 62998 | Swamp:1  | Noticed Nikola
 63706 | Vaults:1 | Entered Level 1 of the Vaults
 64247 | Vaults:1 | Paralysed by a great orb of eyes for 4 turns
 69369 | Vaults:2 | HP: 6/158 [shock serpent (shapeshifter) (11)]
 69790 | Vaults:2 | Reached XP level 18. HP: 113/166 MP: 20/39
 70114 | Vaults:2 | Reached skill level 16 in Fighting
 70930 | Vaults:2 | HP: 4/166 [centaur warrior/arrow[an orc knight] (26)]
 72557 | Vaults:2 | Found a portal to a secret trove of treasure.
 73844 | Vaults:2 | Noticed Xtahua
 73870 | Vaults:2 | Killed Xtahua
 73870 | Vaults:2 | Reached skill level 10 in Fire Magic
 75336 | Vaults:2 | Reached skill level 15 in Axes
 75471 | Vaults:3 | Learned a level 7 spell: Orb of Destruction
 77398 | Vaults:3 | Cast into level 2 of the Abyss (a wizard)
 77498 | Abyss:2  | Paralysed by accursed screaming for 1 turns
 77506 | Abyss:2  | Slain by a large abomination

Skill      XL: |  1  2  3  4  5  6  7  8  9 10 11 12 13 14 15 16 17 18 |
---------------+-------------------------------------------------------+-----
Spellcasting   | 2 3 4 5 6 8 10 11 12 | 12.0
Conjurations   | 4 5 6 7 8 9 10 11 | 11.5
Fighting       | 1 2 3 4 5 7 8 11 12 13 14 15 16 | 16.6
Shields        | 2 4 |  4.2
Hexes          | 4 5 |  5.0
Armour         | 5 7 8 9 |  9.3
Evocations     | 3 6 8 |  8.0
Air Magic      | 3 6 |  6.0
Axes           | 6 12 14 15 | 15.0
Crossbows      | 4 6 |  6.0
Fire Magic     | 8 11 | 11.3
Dodging        | |  1.7
Stealth        | |  1.7

Action                   |  1- 3 |  4- 6 |  7- 9 | 10-12 | 13-15 | 16-18 || total
-------------------------+-------+-------+-------+-------+-------+-------++-------
Melee: Dagger            |    13 |    21 |       |       |    49 |       ||    83
       Falchion          |       |    18 |   117 |   410 |   169 |       ||   714
       Scimitar          |       |       |       |       |    82 |       ||    82
       War axe           |       |       |       |       |   199 |  1386 ||  1585
       Broad axe         |       |       |       |       |       |    49 ||    49
 Fire: Hand crossbow     |       |       |       |       |     4 |     7 ||    11
Throw: Javelin           |       |       |       |       |     2 |       ||     2
 Cast: Magic Dart        |    83 |    69 |   290 |   148 |   169 |    28 ||   787
       Iskenderun's Myst |       |    11 |    45 |   281 |  1198 |   618 ||  2153
       Animate Skeleton  |       |       |       |     6 |       |     5 ||    11
       Confuse           |       |       |       |    68 |   155 |   295 ||   518
       Airstrike         |       |       |       |       |     1 |     4 ||     5
       Fireball          |       |       |       |       |       |    11 ||    11
       Sticky Flame      |       |       |       |       |       |    47 ||    47
       Regeneration      |       |       |       |       |       |     6 ||     6
       Apportation       |       |       |       |       |       |     2 ||     2
       Lightning Bolt    |       |       |       |       |       |     4 ||     4
Evoke: Wand              |       |     3 |     1 |    12 |    38 |    48 ||   102
       Phantom mirror    |       |       |       |       |       |     2 ||     2
       Lightning rod     |       |       |       |       |       |    14 ||    14
       Lamp of fire      |       |       |       |       |       |     3 ||     3
       Sack of spiders   |       |       |       |       |       |     1 ||     1
  Use: Scroll            |     3 |     4 |     8 |    12 |    15 |    18 ||    60
       Potion            |       |     1 |       |       |     3 |    15 ||    19
 Stab: Sleeping          |     5 |     1 |     3 |     1 |       |     2 ||    12
       Paralysed         |       |     2 |       |     5 |     6 |    33 ||    46
       Confused          |       |       |       |     7 |     7 |   110 ||   124
  Eat: Chunk             |     5 |     8 |    14 |    36 |    69 |    54 ||   186
       Ration            |       |       |     3 |     1 |     3 |    13 ||    20
Armor: Robe              |     1 |     2 |       |       |     3 |       ||     6
       Leather armour    |       |     6 |    72 |    97 |       |       ||   175
       Ice dragon scales |       |       |       |   177 |    67 |       ||   244
       Ring mail         |       |       |       |       |   474 |   858 ||  1332
       Troll leather arm |       |       |       |       |    13 |       ||    13
Dodge: Dodged            |     7 |    36 |   166 |   292 |   541 |   802 ||  1844
       Deflected         |       |       |       |       |       |     1 ||     1
Block: Buckler           |       |       |       |   165 |   463 |   705 ||  1333
       Rpst.: Falchion   |       |     6 |    38 |    81 |    45 |       ||   170
       Scimitar          |       |       |       |       |    32 |       ||    32
